 Dungeon Crawl Stone Soup version 0.29.1-1-gd02db6906a (webtiles) character file.

Game seed: 10743729205895638981

16 Homeless the Trooper (level 2, -1/24 HPs)
             Began as a Mummy Monk on Oct 18, 2022.
             Slain by a kobold
             ... wielding a +0 whip
              (2 damage)
             ... on level 1 of the Dungeon.
             The game lasted 00:01:28 (1213 turns).

Homeless the Trooper (Mummy Monk)                   Turns: 1213, Time: 00:01:28

Health: -1/24      AC:  0    Str: 14    XL:     2   Next: 37%
Magic:  2/2        EV:  9    Int:  9    God:
Gold:   40         SH:  0    Dex: 14    Spells: 1/1 levels left

rFire   x . .      SeeInvis .     - Unarmed
rCold   + . .      Faith    .   (no shield)
rNeg    + + +      Spirit   .   (no body armour)
rPois   ∞          Reflect  .   (no helmet)
rElec   .          Harm     .   (no cloak)
rCorr   .          Rampage  .   (no gloves)
Will    .....                   (no boots)
Stlth   ++........              (no amulet)
HPRegen 0.08/turn               (no ring)
MPRegen 0.08/turn               (no ring)

@: constricted
A: cold resistance 1, negative energy resistance 3, torment resistance 2, heat
vulnerability 1, no potions
a: no special abilities


You were on level 1 of the Dungeon.
You visited 1 branch of the dungeon, and saw 2 of its levels.

You collected 40 gold pieces.

You aren't carrying anything.


   Skills:
 + Level 3.2 Fighting
 + Level 2.6 Dodging
 + Level 1.9 Stealth
 + Level 2.6 Unarmed Combat


You had one spell level left.
You didn't know any spells.
Your spell library was empty.

Dungeon Overview and Level Annotations

Branches:
Dungeon (2/15)

Altars:


Innate Abilities, Weirdness & Mutations

You are immune to poison.
Your flesh is cold resistant. (rC+)
You are immune to negative energy. (rN+++)
You are immune to unholy pain and torment.
You are vulnerable to heat. (rF-)
You do not drink.


Message History

The kobold is severely wounded.
The kobold misses you.
A kobold comes into view. It is wielding a +0 whip.
You closely miss the kobold.
The kobold is severely wounded.
The kobold shouts!
A ball python comes into view.
The kobold hits you with a +0 short sword.
You hit the kobold.
You kill the kobold!
The kobold throws a stone.
The stone closely misses you.
You hit the ball python.
The ball python is moderately wounded.
The ball python closely misses you. The ball python barely misses you.
The kobold hits you with a +0 whip.
You hit the ball python.
The ball python is heavily wounded.
The ball python closely misses you. The ball python grabs you.
The ball python constricts you. The kobold closely misses you.
You hit the ball python but do no damage.
The ball python is heavily wounded.
The ball python bites you. The ball python constricts you.
The kobold hits you with a +0 whip.
You are too injured to fight recklessly!
You are too injured to fight recklessly!
You are too injured to fight recklessly!
You are too injured to fight recklessly!
You are too injured to fight recklessly!
You are too injured to fight recklessly!
You closely miss the ball python.
The ball python is heavily wounded.
The ball python bites you. The ball python constricts you.
The kobold hits you with a +0 whip.
* * * LOW HITPOINT WARNING * * *
The ball python barely misses you. The ball python constricts you.
* * * LOW HITPOINT WARNING * * *
You barely miss the ball python.
The ball python is heavily wounded.
The kobold hits you with a +0 whip.
You die...

...# ## #..# ..
#..# ## #..# #.
#####..###
#..#...#.!..
#.......)# #.S@..#
##.K...###### ..
#...........# ..
.#...........# ..
............!# ..
###...........###.
..
###............#
## #.>..........#
#............# #


You could see a ball python and a kobold.

Vanquished Creatures
  2 bats (D:1)
  2 endoplasms (D:1)
  A giant cockroach (D:1)
  3 hobgoblins (D:1)
  A kobold (D:1)
  2 ball pythons (D:1)
  2 goblins (D:1)
  A rat (D:1)
14 creatures vanquished.

Notes
Turn   | Place    | Note
-------+----------+-------------------------------------------
     0 | D:1      | Homeless the Mummy Monk began the quest for the Orb.
     0 | D:1      | Reached XP level 1. HP: 18/18 MP: 1/1
   245 | D:1      | Reached XP level 2. HP: 16/24 MP: 2/2
  1212 | D:1      | HP: 1/24 [constriction (1)]
  1213 | D:1      | Slain by a kobold

Illustrated notes

Levels and vault maps discovered:
D:1:      psy_arrival_fountain, layout_basic,
          hellmonk_ecumenical_altar_prayer_group
D:2:      layout_loops_ring, minmay_gold_behind_fungi

Action                   || total
-------------------------++-------
Melee: Unarmed           ||    73
       Punch             ||     2
  Use: Scroll            ||     1
 Stab: Sleeping          ||     1
Dodge: Dodged            ||    62
